 Dungeon Crawl Stone Soup version 0.13-a0-3016-gcb2faac (webtiles) character file.

480 PolkaDot the Jinx (level 6, -1/41 HPs)
             Began as a Vampire Enchanter on Sept 14, 2013.
             Slain by a mummy (17 damage)
             ... in an ossuary.
             The game lasted 00:11:42 (3334 turns).

PolkaDot the Jinx (Vampire Enchanter)               Turns: 3334, Time: 00:11:42

HP  -1/41        AC  4     Str  7      XL: 6   Next: 33%
MP   2/12        EV 12     Int 19      God:
Gold 132         SH  0     Dex 14      Spells:  3 memorised,  1 level left

Res.Fire  : . . .   See Invis. : +   o - +0 short sword (freeze) (curse)
Res.Cold  : + + .   Warding    : .   b - +1 robe (curse)
Life Prot.: + + +   Conserve   : .   (no shield)
Res.Poison: +       Res.Corr.  : .   (no helmet)
Res.Elec. : .       Clarity    : .   y - +0 cloak (curse)
Sust.Abil.: . .     Spirit.Shd : .   (no gloves)
Res.Mut.  : .       Stasis     : .   (no boots)
Res.Rott. : +       Flight     : .   (no amulet)
Saprovore : . . .                    (no ring)
                                     g - cursed ring of flight

@: regenerating slowly, very slightly contaminated, hasted and slowed, slightly
resistant to hostile enchantments, very stealthy
A: bottle blood, fangs 3, see invisible, unbreathing
a: Bat Form, Bottle Blood, Evoke Flight


You were in an ossuary.
You were near bloodless.

You visited 1 branch of the dungeon, and saw 4 of its levels.
You also visited: Ossuary.

You collected 112 gold pieces.

Inventory:

Hand weapons
 o - a cursed +0,+0 short sword of freezing (weapon)
Missiles
 d - 12 darts (quivered)
Armour
 b - a cursed +1 robe (worn)
 e - a cursed +2 pair of dwarven boots
 k - a +0 buckler
 l - a cursed +0 buckler
 y - a cursed +0 cloak (worn)
Magical devices
 x - a wand of frost (2)
 z - a wand of disintegration (10)
Scrolls
 a - 2 scrolls of identify {unknown}
 h - a scroll of noise {unknown}
 i - 2 scrolls of curse jewellery {unknown}
 j - 4 scrolls of random uselessness {unknown}
 n - 2 scrolls of blinking {unknown}
 p - 5 scrolls of remove curse {unknown}
 q - a scroll of curse armour {unknown}
 t - 3 scrolls of teleportation {unknown}
 w - a scroll of recharging {unknown}
Jewellery
 g - a cursed ring of flight (left hand)
Potions
 r - a potion of poison
Books
 c - a book of Maledictions

   Spells                             Type                      Level
   *Corona                            Hexes                        1
   Sure Blade                         Hexes/Charms                 2
   Ensorcelled Hibernation            Hexes/Ice                    2
   *Confuse                           Hexes                        3
   *Enslavement                       Hexes                        4
   Invisibility                       Hexes                        6


   Skills:
 - Level 2.0 Short Blades
 - Level 0.7 Throwing
 - Level 2.1 Dodging
 + Level 5.9 Stealth
 + Level 2.2 Spellcasting
 * Level 8.1 Hexes


You had one spell level left.
You knew the following spells:

 Your Spells              Type           Power        Failure   Level  Hunger
a - Corona                Hex            ####...      1%          1    #......
c - Confuse               Hex            ####....     1%          3    ###....
e - Enslavement           Hex            ####....     8%          4    #####..


Dungeon Overview and Level Annotations

Branches:
Dungeon (4/27)
 Temple: D:4-7

Altars:
Ashenzari


Innate Abilities, Weirdness & Mutations

You heal slowly.
You can bottle blood from corpses.
You have razor-sharp teeth.*
You have supernaturally acute eyesight.
You can survive without breathing.*


Message History

The mummy appears confused.
Casting: Confuse
Confirm with . or Enter, or press ? or * to list all spells.
You don't know that spell.
Drink which item? (? for menu, Esc to quit)
You feel yourself speed up.
It was a potion of speed.
The mummy hits the mummy.
You are very lightly contaminated with residual magic.
Drink which item? (? for menu, Esc to quit)
You are confused.
It was a potion of confusion.
Drink which item? (? for menu, Esc to quit)
You feel yourself slow down.
It was a potion of slowing.
You feel less confused. The mummy closely misses you.
You hit the mummy but do no damage. The mummy closely misses you.
You hit the mummy but do no damage.
The mummy is moderately damaged.
The mummy hits you!
You die...

#..................#
##................#
##..............##
#+##....M...##+#
##......## ##....##
#....# #.M..# #@M..#
#....# #....# #....#
#....# #.∩∩.# ######


You could see 3 mummies.

Vanquished Creatures
  A giant frog (D:4)
  Crazy Yiuf (D:3)
  A scorpion (D:3)
  An orc wizard (D:4)
  A worker ant (D:4)
  6 mummies (Ossuary)
  4 adders
  A worm (D:3)
  3 giant eyeballs (D:4)
  A giant gecko (D:3)
  4 orcs (D:4)
  A ball python (D:2)
  A giant cockroach (D:2)
  3 hobgoblins
  9 kobolds
  2 quokkas (D:4)
  10 bats
  3 giant newts
  A gnoll zombie (Ossuary)
  12 goblins
  A goblin skeleton (D:4)
  3 hobgoblin zombies (Ossuary)
  5 jackals
  4 orc zombies (Ossuary)
  3 rats
82 creatures vanquished.

Notes
Turn   | Place    | Note
--------------------------------------------------------------
     0 | D:1      | PolkaDot, the Vampire Enchanter, began the quest for the Orb.
     0 | D:1      | Reached XP level 1. HP: 13/13 MP: 4/4
   456 | D:1      | Reached XP level 2. HP: 16/19 MP: 5/5
   750 | D:2      | Reached skill level 5 in Hexes
   902 | D:2      | Reached XP level 3. HP: 24/24 MP: 6/6
   907 | D:2      | Learned a level 3 spell: Confuse
  2004 | D:3      | Found a shattered altar of Ashenzari.
  2053 | D:3      | Reached skill level 6 in Hexes
  2149 | D:3      | Reached XP level 4. HP: 25/30 MP: 8/8
  2254 | D:3      | Noticed Crazy Yiuf
  2264 | D:3      | Killed Crazy Yiuf
  2264 | D:3      | Reached skill level 7 in Hexes
  2382 | D:3      | Reached XP level 5. HP: 31/35 MP: 9/9
  2738 | D:4      | Paralysed by a giant eyeball for 4 turns
  2748 | D:4      | Reached skill level 5 in Stealth
  2751 | D:4      | Paralysed by a giant eyeball for 4 turns
  3030 | D:4      | Reached XP level 6. HP: 24/41 MP: 1/12
  3167 | D:4      | Found a sand-covered staircase.
  3172 | Ossuary  | Entered an ossuary
  3239 | Ossuary  | Learned a level 4 spell: Enslavement
  3263 | Ossuary  | Reached skill level 8 in Hexes
  3334 | Ossuary  | Slain by a mummy

Action                   |  1- 3 |  4- 6 || total
-------------------------+-------+-------++-------
Melee: Dagger            |    45 |       ||    45
       Short sword       |    54 |   163 ||   217
 Cast: Corona            |     5 |     5 ||    10
       Confuse           |     4 |    15 ||    19
       Enslavement       |       |     2 ||     2
Evoke: Wand              |       |     1 ||     1
  Use: Potion            |       |    11 ||    11
 Stab: Sleeping          |     4 |     7 ||    11
       Confused          |     1 |     7 ||     8
